 Dungeon Sprint DCSS version 0.30-a0-721-ga6a225cb13 (webtiles) character file.

Game seed: 12399081166855926422

318 Oxelix the Cleaver (level 6, -3/64 HPs)
             Began as a Minotaur Fighter on Jan 27, 2023.
             Was a Follower of Okawaru.
             Slain by a five-headed hydra (14 damage)
             ... summoned by a witch
             ... in the Dungeon (Sprint VI: "Thunderdome").
             The game lasted 00:06:51 (426 turns).

Oxelix the Cleaver (Minotaur Fighter)                Turns: 426, Time: 00:06:51

Health: -3/64      AC:  6    Str: 26    XL:     6   Next: 15%
Magic:  0/0        EV:  9    Int:  0    God:    Okawaru [*.....]
Gold:   465        SH:  9    Dex: 12    Spells: 5/5 levels left

rFire   + + +      SeeInvis .    a - +0 war axe
rCold   x . .      Faith    .    c - +0 buckler
rNeg    . . .      Spirit   .    b - +0 scale mail
rPois   +          Reflect  +    (helmet restricted)
rElec   +          Harm     .    (no cloak)
rCorr   +          Rampage  +    (no gloves)
Will    ++...      NoTele   +    (no boots) Stlth
                                 o - amulet "Xiqag" {Reflect Rampage rElec Will++ Int-5 SH+5}
HPRegen 0.30/turn                p - ring "Lemozxo" {Fire rCorr Str+3}
MPRegen 0.07/turn                q - ring of Jany {Wiz rPois rF++ MP-9 Dex+3}

@: mighty, slowed, lost intelligence, unable to read, very slow
A: horns 2, retaliatory headbutt
a: Renounce Religion, Heroism


You were in the Dungeon.
You worshipped Okawaru.
Okawaru was aware of your devotion.
You visited 1 branch You collected 600 gold pieces.
You spent 135 gold pieces at shops.

Inventory:

Hand Weapons
 a - a +0 war axe (weapon)
 i - a +0 battleaxe
Armour
 b - a +0 scale mail (worn)
 c - a +0 buckler (worn)
Jewellery
 o - the amulet "Xiqag" (around neck) {Reflect Rampage rElec Will++ Int-5 SH+5}
   (You bought it in a shop in the Dungeon)

   [amulet of reflection]

   It reflects blocked missile attacks.
   Int:       It affects your intelligence (-5).
   rElec:     It insulates you from electricity.
   SH:        It affects your SH (+5).
   Rampage:   It bestows one free step when moving towards enemies.
   Will:      It greatly increases your willpower.
 p - the ring "Lemozxo" (left hand) {Fire rCorr Str+3}
   (You bought it in a shop in the Dungeon)

   [ring of fire]

   It enhances your fire magic.
   Str:       It affects your strength (+3).
   rF:        It protects you from fire.
   rC:        It makes you vulnerable to cold.
   rCorr:     It protects you from acid and corrosion.
 q - the ring of Jany (right hand) {Wiz rPois rF++ MP-9 Dex+3}
   (You bought it in a shop in the Dungeon)

   [ring of wizardry]

   It improves your spell success rate.
   Dex:       It affects your dexterity (+3).
   rF:        It greatly protects you from fire.
   rPois:     It protects you from poison.
   MP:        It affects your magic capacity (-9).
Wands
 k - a wand of light (4)
 l - a wand of roots (5)
Scrolls
 j - 4 scrolls of blinking
 m - 3 scrolls of fog
Potions
 e - a potion of curing
 f - 4 potions of heal wounds
 g - 4 potions of haste
 h - 2 potions of magic
 n - a potion of resistance


   Skills:
 + Level 9.4 Fighting
 * Level 12.9 Axes
 - Level 3.6 Armour
 + Level 0.3 Stealth
 - Level 3.6 Shields


You had 5 spell levels left.
You didn't know any spells.
Your spell library was empty.

Dungeon Overview and Level Annotations

Branches:
Dungeon (1/1)

Altars:
Cheibriados
Dithmenos
Fedhas
Gozag
Kikubaaqudgha
Makhleb
Okawaru
Qazlal
Ru
Sif Muna
Trog
Uskayaw
Vehumet
Wu Jian
Xom
Yredelemnul
Zin
The Shining One
Lugonu

Shops:
D *[??*?*:[((!!!!


Innate Abilities, Weirdness & Mutations

You have a pair of horns on your head.
You reflexively headbutt those who attack you in melee.


Message History

You barely miss something. You headbutt something.
Something hits you but does no damage.
Something mumbles something.
Something hits you but does no damage.
You slice something!! Something hits you.
You miss something. Your headbutt misses something.
A witch appears from thin air!
Reactivating autopickup.
The witch points at you and mumbles some strange words.
The ball explodes into a vile cloud!
The stinking cloud engulfs you but does no damage.
The stinking cloud engulfs the witch but does no damage.
You closely miss the witch.
The witch is severely wounded.
The witch closely misses you. You furiously retaliate!
You headbutt the witch.
The witch mumbles some strange words.
A four-headed hydra appears.
You slash the witch!
The witch is severely wounded.
You hit the four-headed hydra. The witch hits you but does no damage.
The four-headed hydra bites you!
The four-headed hydra barely misses you.
The four-headed hydra bites you!
You block the four-headed hydra's attack.
You slash the witch!
The witch is almost dead.
You chop one of the four-headed hydra's heads off!
The three-headed hydra grows two more!
You hit the five-headed hydra. The witch barely misses you.
You block the five-headed hydra's attack.
The five-headed hydra bites you but does no damage.
The five-headed hydra bites you!
* * * LOW HITPOINT WARNING * * *
The five-headed hydra barely misses you. x2
You feel very mighty all of a sudden.
The witch mumbles some strange words.
The five-headed hydra bites you.
* * * LOW HITPOINT WARNING * * *
The five-headed hydra bites you!
You die...

#_......._# #.....).._#
#_......._# ###.........###
#⌠...........⌠#
######.8.........8.######
##.___......###......._.∩##
###∩....)...8.# #.8........∩#
##..........D@p###............
#⌠..([)[..).###..)###.........
#⌠...).)....# #.<.# #.........
#⌠.....[....###(..###.........
##.............###............
###∩........8.# #.8........∩#
##∩_._.....)###......___∩##
######.8...§.....8.######
#⌠...........⌠#


You could see a five-headed hydra (summoned) and a witch.

Vanquished Creatures
  Menkaure (D)
  Blork the orc (D)
  Jessica (D)
  5 mummies (D)
  5 orcs (D)
  An endoplasm (D)
  A giant cockroach (D)
  8 kobolds (D)
  2 quokkas (D)
25 creatures vanquished.

Notes
Turn   | Place    | Note
-------+----------+-------------------------------------------
     0 | D        | Oxelix the Minotaur Fighter began the quest for the Orb.
     0 | D        | Reached XP level 1. HP: 19/19 MP: 0/0
     2 | D        | Found a bloodstained altar of Trog.
     4 | D        | Found a glowing silver altar of Zin.
     5 | D        | Round 1.
     6 | D        | Found a burning altar of Makhleb.
     6 | D        | Found a radiant altar of Vehumet.
     7 | D        | Noticed Jessica
    11 | D        | Found a shimmering blue altar of Sif Muna.
    11 | D        | Found a stormy altar of Qazlal.
    12 | D        | Found a shimmering altar of Xom.
    12 | D        | Found an iron altar of Okawaru.
    13 | D        | Found a corrupted altar of Lugonu.
    13 | D        | Found a hide-covered altar of Uskayaw.
    13 | D        | Found Gaerofie's Weapon Rack.
    13 | D        | Found Ucakk's Premium Goods.
    14 | D        | Found Xaiceb's Basic Armour.
    14 | D        | Found Cacvoti's Miscellaneous Merchandise.
    17 | D        | Found a blossoming altar of Fedhas.
    21 | D        | Became a worshipper of Warmaster Okawaru
    25 | D        | Killed Jessica
    26 | D        | Reached skill level 5 in Axes
    26 | D        | Reached XP level 2. HP: 30/30 MP: 1/1
    30 | D        | Found an ornate altar of the Wu Jian Council.
    31 | D        | Found Fien's Identification Station.
    32 | D        | Found Qug Tiepue's Advanced Armour.
    32 | D        | Found Epaunwod's Jewellery.
    33 | D        | Found a snail-covered altar of Cheibriados.
    33 | D        | Found a shadowy altar of Dithmenos.
    46 | D        | Bought a faintly glowing amethyst amulet for 45 gold pieces
    46 | D        | Identified the amulet "Xiqag" {Reflect Rampage rElec Will++
                  | Int-5 SH+5} (You bought it in a shop in the Dungeon)
    46 | D        | Bought a brightly glowing amber ring for 45 gold pieces
    46 | D        | Identified the ring "Lemozxo" {Fire rCorr Str+3} (You
                  | bought it in a shop in the Dungeon)
    46 | D        | Bought a coiled iron ring for 45 gold pieces
    46 | D        | Identified the ring of Jany {Wiz rPois rF++ MP-9 Dex+3}
                  | (You bought it in a shop in the Dungeon)
    53 | D        | Lost intelligence.
    83 | D        | Reached XP level 3. HP: 37/37 MP: 0/2
   101 | D        | Found a sacrificial altar of Ru.
   101 | D        | Found Keletad's Do-It-Yourself Clinic.
   101 | D        | Found Vilu's Bottled Wisdom.
   102 | D        | Found Osekieg's Distillery.
   107 | D        | Found Non Rek's Distillery.
   107 | D        | Found an ancient bone altar of Kikubaaqudgha.
   122 | D        | Found an opulent altar of Gozag.
   122 | D        | Found a basalt altar of Yredelemnul.
   122 | D        | Found Vaof's Staff Store.
   122 | D        | Found Cuseud's Must-Have Magic.
   123 | D        | Found Biedas's Magic Scroll Shop.
   123 | D        | Arena points: 12 (+12) [x2]
   129 | D        | Found Nehazxath's Magic Scroll Shop.
   129 | D        | Found a glowing golden altar of the Shining One.
   159 | D        | Round 2.
   160 | D        | Noticed Blork the orc
   166 | D        | Reached skill level 6 in Axes
   167 | D        | Killed Blork the orc
   168 | D        | Reached skill level 8 in Axes
   168 | D        | Reached XP level 4. HP: 29/48 MP: 0/3
   168 | D        | Arena points: 54 (+42) [x3]
   213 | D        | Round 3.
   251 | D        | Reached skill level 9 in Axes
   253 | D        | Noticed Menkaure
   258 | D        | Killed Menkaure
   258 | D        | Reached * piety under Okawaru
   259 | D        | Reached skill level 12 in Axes
   259 | D        | Reached XP level 5. HP: 43/57 MP: 0/4
   268 | D        | Reached XP level 6. HP: 52/63 MP: 0/5
   282 | D        | Arena points: 138 (+84) [x4]
   326 | D        | Round 4.
   392 | D        | Arena points: 318 (+180) [x5]
   403 | D        | Round 5.
   405 | D        | Noticed a witch
   424 | D        | Noticed a four-headed hydra
   426 | D        | Slain by a five-headed hydra

Illustrated notes

Levels and vault maps discovered:
D:        arena_sprint

Skill      XL: |  1  2  3  4 |
---------------+-------------+-----
Fighting       | 6 7 9 |  9.4
Axes           | 5 8 12 | 12.9
Armour         | |  3.6
Stealth        | |  0.3
Shields        | |  3.6

Action                     |  1- 3 |  4- 6 || total
---------------------------+-------+-------++-------
  Melee: War axe           |    12 |    42 ||    54
         Headbutt          |     3 |     6 ||     9
  Throw: Boomerang         |       |     2 ||     2
  Evoke: Wand              |       |     1 ||     1
    Use: Potion            |     1 |     1 ||     2
 Armour: Scale mail        |     6 |    11 ||    17
  Dodge: Dodged            |     7 |    14 ||    21
  Block: Buckler           |     8 |     9 ||    17

Table legend: (Time is in decaauts)
 A = Elapsed time spent in this place.
 B = Non-inter-level travel time spent in this place.
 C = Inter-level travel time spent in this place.
 D = Time resting spent in this place.
 E = Time spent auto-exploring this place.
 F = Levels seen in this place.
 G = Mean time per level.
                   A        B        C        D        E       F      G
               +--------+--------+--------+--------+--------+-----+--------+
         Total |    608 |    608 |      0 |    171 |     93 |   1 |  608.0 |
       Dungeon |    608 |    608 |      0 |    171 |     93 |   1 |  608.0 |
               +--------+--------+--------+--------+--------+-----+--------+

Top non-repeatable levels by time:
       D: 608 daAuts
